 Dungeon Crawl Stone Soup version 0.24-a0-525-g9231cdcba1 (webtiles) character file.

Game seed: 12279057679082754829

235 Kae the Spear-Bearer (level 6, 0/45 HPs)
             Began as a Merfolk Gladiator on Aug 1, 2019.
             Succumbed to a gnoll's poison
             ... on level 3 of the Dungeon.
             The game lasted 00:02:57 (2495 turns).

Kae the Spear-Bearer (Merfolk Gladiator)            Turns: 2495, Time: 00:02:58

Health: 0/45       AC:  6    Str: 15    XL:     6   Next: 6%
Magic:  6/6        EV: 15    Int:  9    God:
Gold:   133        SH:  0    Dex: 15    Spells: 5/5 levels left

rFire    . . .     SeeInvis .   a - +0 trident
rCold    . . .     Gourm    .   (no shield)
rNeg     . . .     Faith    .   b - +0 leather armour
rPois    .         Spirit   .   (helmet restricted)
rElec    .         Reflect  .   (no cloak)
rCorr    .         Harm     .   (no gloves)
MR       .....                  (no boots)
Stlth    +.........             (no amulet)
HPRegen  0.15/turn              (no ring)
MPRegen  0.10/turn              (no ring)

@: lethally poisoned (0 -> -35), hasted, very quick
A: change form in water, swift swim, stealthy swim, antennae 1, iridescent
scales 1, rugged brown scales 1
a: no special abilities


You were on level 3 of the Dungeon.
You were not hungry.

You visited 1 branch of the dungeon, and saw 3 of its levels.

You collected 133 gold pieces.

Inventory:

Hand Weapons
 a - a +0 trident (weapon)
Missiles
 d - 3 throwing nets (quivered)
Armour
 b - a +0 leather armour (worn)
 c - a +0 helmet
Scrolls
 e - 2 scrolls of magic mapping
 i - a scroll of immolation {unknown}
 m - 2 scrolls of teleportation
 o - 2 scrolls of fear
Potions
 g - a potion of haste
 h - a potion of magic {unknown}
 k - a potion of agility {unknown}
 l - 2 potions of curing {unknown}
 n - 2 potions of brilliance {unknown}
Comestibles
 f - 2 rations
 j - a chunk of flesh


   Skills:
 - Level 2.1 Fighting
 * Level 8.6 Polearms
 - Level 2.0 Throwing
 + Level 5.3 Dodging


You had 5 spell levels left.
You didn't know any spells.
Your spell library was empty.

Dungeon Overview and Level Annotations

Branches:
Dungeon (3/15)

Altars:
Ashenzari


Innate Abilities, Weirdness & Mutations

You revert to your normal form in water.
You are very nimble and swift while swimming.
You are very stealthy in the water. (Stealth+)
You have a pair of small antennae on your head.
You are partially covered in iridescent scales. (AC +2)
You are partially covered in rugged brown scales. (AC +1, +3% HP)


Message History

You feel very sick.
Okay, then.
You feel yourself speed up.
* * * LOW HITPOINT WARNING * * *
You feel sick.
The gnoll hits you from afar with a +0 spear of venom.
* * * LOW HITPOINT WARNING * * *
You are more poisoned.
The gnoll closely misses you.
Unknown command.
Unknown command.
Unknown command.
Okay, then.
Okay, then.
* * * LOW HITPOINT WARNING * * *
You feel very sick.
You see here 8 poisoned darts.
* * * LOW HITPOINT WARNING * * *
You feel sick.
You die...

##################
................>#
............#.##.#
###########...##.#
##..##.# #..##.#
###..##.#
#....##.#
#....##@#
#.....#.#
####..#(# #
#.!#g##.#
#....g[g#
#....g.......
#.#.%.#######
#.#...# #.....#


You could see 3 gnolls.

Vanquished Creatures
  A crimson imp (D:3)
  Robin (D:2)
  3 gnolls (D:2)
  9 adders
  A worm (D:2)
  3 dart slugs
  A leopard gecko (D:1)
  An orc (D:3)
  A giant cockroach (D:1)
  16 goblins
  10 hobgoblins
  4 jackals (D:2)
  3 kobolds
  2 quokkas (D:2)
  8 bats
  4 frilled lizards
  6 rats
74 creatures vanquished.

Notes
Turn   | Place    | Note
-------+----------+-------------------------------------------
     0 | D:1      | Kae the Merfolk Gladiator began the quest for the Orb.
     0 | D:1      | Reached XP level 1. HP: 16/16 MP: 1/1
   120 | D:1      | Reached XP level 2. HP: 22/22 MP: 2/2
   140 | D:1      | Reached skill level 5 in Polearms
   406 | D:1      | Reached XP level 3. HP: 27/27 MP: 3/3
   419 | D:1      | Found a shattered altar of Ashenzari.
   800 | D:2      | Reached skill level 6 in Polearms
  1010 | D:2      | Reached XP level 4. HP: 33/33 MP: 4/4
  1053 | D:2      | Reached skill level 5 in Dodging
  1480 | D:2      | Reached skill level 7 in Polearms
  1544 | D:2      | Reached XP level 5. HP: 34/38 MP: 5/5
  1645 | D:2      | Noticed Robin
  1665 | D:2      | Gained mutation: You are partially covered in iridescent
                  | scales. (AC +2) [potion of mutation]
  1665 | D:2      | Gained mutation: You are partially covered in rugged brown
                  | scales. (AC +1, +3% HP) [potion of mutation]
  1665 | D:2      | Gained mutation: You have a pair of small antennae on your
                  | head. [potion of mutation]
  1722 | D:2      | Killed Robin
  2309 | D:3      | Reached skill level 8 in Polearms
  2384 | D:3      | Reached XP level 6. HP: 43/45 MP: 6/6
  2494 | D:3      | HP: 2/45 [poisoned by a gnoll]
  2495 | D:3      | Succumbed to a gnoll's poison

Levels and vault maps discovered:
D:1:      lordsloth_arrival_two_stooges, layout_loops_ring,
          evilmike_ruin_ashenzari
D:2:      layout_basic, nrook_loot_triangle, uniq_robin
D:3:      layout_basic, uniq_jessica

Skill      XL: |  1  2  3  4  5 |
---------------+----------------+-----
Polearms       | 5 6 7 8 |  8.6
Dodging        | 5 |  5.3
Fighting       | |  2.1
Throwing       | |  2.0

Action                   |  1- 3 |  4- 6 || total
-------------------------+-------+-------++-------
Melee: Trident           |    95 |   213 ||   308
  Use: Scroll            |     3 |     3 ||     6
       Potion            |       |     3 ||     3
 Stab: Sleeping          |     2 |     1 ||     3
       Distracted        |       |     2 ||     2
  Eat: Chunk             |       |     5 ||     5
Armor: Leather armour    |    16 |    41 ||    57
Dodge: Dodged            |    47 |   129 ||   176

Table legend:
 A = Non-vault XP
 B = Vault XP
 C = Vault XP percentage of total XP
 D = Non-vault monster count
 E = Vault monster count
 F = Vault count percentage of total count
                 A         B        C        D         E       F
            +---------+---------+-------+---------+---------+-------
      Total |     302 |      35 |  10.4 |      62 |      12 |  16.2
            +---------+---------+-------+---------+---------+-------
        D:1 |      40 |       0 |   0.0 |      22 |       0 |   0.0
        D:2 |     176 |      35 |  16.6 |      31 |      12 |  27.9
        D:3 |      86 |       0 |   0.0 |       9 |       0 |   0.0
            +---------+---------+-------+---------+---------+-------
